AoeStats
← linck92

Four Lakes

510082357Analyzed
1v1 RM · 2d ago on Sep 29, 2026· 39m 6s· 2 players
Game mode
Random Map
Map size
Tiny (2 player)
Population
200
Speed
Normal
Resources
Standard
Victory
Conquest
Starting age
Dark Age
Ending age
Imperial Age
RankedLock teamsTeams togetherTeam positionsShared explorationLock speedFull tech treeHidden civsTurbo modeCheats
Victory
Defeat
🇲🇽 Mongols · Mexico
945
+16
🇨🇱 Persians · Chile
939
-16
Galoistheory
4:59 Loom
11:13 Feudal Age
11:32 Double-Bit Axe
12:08 Horse Collar
19:09 Castle Age
18:28 Bloodlines
18:45 Scale Barding Armor
19:52 Town Watch
21:08 Bow Saw
21:39 Husbandry
22:17 Gold Mining
23:08 Wheelbarrow
23:25 Forging
25:32 Fletching
26:49 Hand Cart
26:46 Heavy Plow
30:34 Gold Shaft Mining
29:50 Stone Mining
30:06 Squires
29:52 Arson
29:53 Gambesons
29:29 Pikeman
29:42 Pikeman
30:08 Gambesons
30:36 Scale Mail Armor
31:12 Iron Casting
31:09 Masonry
32:11 Bodkin Arrow
37:12 Imperial Age
36:23 Ballistics
37:12 Stone Shaft Mining
37:49 Citadels
38:54 Hoardings
linck92
0:28 Loom
15:36 Feudal Age
16:21 Fishing Lines
16:40 Double-Bit Axe
19:20 Gold Mining
22:38 Castle Age
20:35 Stone Mining
22:46 Wheelbarrow
22:38 Forging
22:34 Scale Barding Armor
23:45 Bow Saw
23:53 Bloodlines
23:44 Husbandry
24:53 Iron Casting
26:59 Hand Cart
26:57 Gillnets
28:14 Gold Shaft Mining
29:42 Chain Barding Armor
33:19 Imperial Age
32:55 Town Watch
33:29 Fletching
36:28 Blast Furnace
35:52 Conscription
36:45 Stone Shaft Mining
36:13 Heavy Camel Rider
36:51 Bodkin Arrow
37:19 Ballistics
38:49 Chemistry
Connection lost

Rejoining the realm…

Still unreachable

The connection could not be restored.

Session expired

The server has moved on; the page needs a fresh start.